 Dungeon Crawl Stone Soup version 0.30-a0-457-g4b7bca3bfa (webtiles) character file.

Game seed: 17033751759290892837

86 Adrian566 the Slasher (level 4, -4/34 HPs)
             Began as a Demonspawn Gladiator on Dec 12, 2022.
             Slain by Sigmund
             ... wielding a +0 scythe
              (7 damage)
             ... on level 3 of the Dungeon.
             The game lasted 00:01:49 (1959 turns).

Adrian566 the Slasher (Demonspawn Gladiator)        Turns: 1959, Time: 00:01:50

Health: -4/34      AC:  4    Str: 14    XL:     4   Next: 27%
Magic:  4/4        EV: 13    Int:  9    God:
Gold:   99         SH:  0    Dex: 17    Spells: 3/3 levels left

rFire   . . .      SeeInvis .    a - +0 long sword
rCold   . . .      Faith    .    (no shield)
rNeg    . . .      Spirit   .    b - +0 leather armour
rPois   .          Reflect  .    c - +0 helmet
rElec   .          Harm     .    (no cloak)
rCorr   .          Rampage  .    (no gloves)
Will    .....                    (no boots)
Stlth   +.........               (no amulet)
HPRegen 0.25/turn                (no ring)
MPRegen 0.09/turn                (no ring)

@: confused, on berserk cooldown, slowed, very slow
A: powered by death 2, condensation shield
a: no special abilities


You were on level 3 of the Dungeon.
You visited 1 branch of the dungeon, and saw 3 of its levels.

You collected 99 gold pieces.

Inventory:

Hand Weapons
 a - a +0 long sword (weapon)
Missiles
 d - 3 throwing nets (quivered)
 e - 5 javelins
Armour
 b - a +0 leather armour (worn)
 c - a +0 helmet (worn)
Jewellery
 i - a ring of flight
 q - a ring of protection from cold
Scrolls
 f - a scroll of amnesia {unknown}
 k - a scroll of blinking {unknown}
 m - a scroll of immolation {unknown}
 o - a scroll of vulnerability {unknown}
 p - a scroll of poison {unknown}
 r - a scroll of acquirement {unknown}
 s - 2 scrolls of teleportation {unknown}
 t - a scroll of fear {unknown}
Potions
 g - a potion of cancellation
 l - a potion of brilliance
 n - a potion of resistance


   Skills:
 + Level 2.3 Fighting
 + Level 3.8 Long Blades
 + Level 1.7 Throwing
 + Level 1.0 Armour
 + Level 3.1 Dodging
 + Level 0.6 Stealth


You had 3 spell levels left.
You didn't know any spells.
Your spell library was empty.

Dungeon Overview and Level Annotations

Branches:
Dungeon (3/15)

Altars:

Annotations:
D:3 Sigmund


Innate Abilities, Weirdness & Mutations

You regenerate health from kills.
A meltable shield of frost defends you. (SH +0)


Message History

Deactivating autopickup; reactivate with Ctrl-A.
You are no longer berserk.
You are exhausted.
You feel yourself slow down. Something hits you!
There is a stone staircase leading up, spattered with blood here.
You bump into the rock wall.
You feel less confused.
You hear some strange, mumbled words.
You are confused.
You're too confused to move!
You hear some strange, mumbled words.
You are more confused.
A giant cockroach and a rat come into view.
You hear some strange, mumbled words.
You are more confused.
Something hits you. Something hits you! Something hits you.
The giant cockroach attacks as you move away!
The giant cockroach bites you but does no damage.
Something hits you but does no damage.
You're too confused to move!
The giant cockroach misses you. Something hits you!
* * * LOW HITPOINT WARNING * * *
The giant cockroach misses you.
The giant cockroach bites you but does no damage.
You hear some strange, mumbled words.
A puff of flame appears from out of thin air!
The puff of flame misses you. The rat closely misses you.
The giant cockroach closely misses you.
You hear a zap.
A puff of flame appears from out of thin air!
The puff of flame hits you!
Your condensation shield dissipates!
* * * LOW HITPOINT WARNING * * *
There is a stone staircase leading up, spattered with blood here.
The rat closely misses you.
The giant cockroach bites you but does no damage.
Something hits you!
You die...

######### #.......#
#.......# #@......#
##### #rB{..).#
#...# ##.......#
##...#
##........####....#
#.........#.......#
#.#.........###...#
#..#.............###
#.###.###....#####
..###^##..#.##


You could see a giant cockroach and a rat.

Vanquished Creatures
  3 adders (D:2)
  2 worms (D:2)
  4 dart slugs (D:1)
  4 endoplasms
  3 giant cockroaches
  3 hobgoblins (D:1)
  5 kobolds
  3 quokkas
  5 ball pythons
  A bat (D:2)
  4 frilled lizards
  5 goblins
  4 rats
46 creatures vanquished.

Notes
Turn   | Place    | Note
-------+----------+-------------------------------------------
     0 | D:1      | Adrian566 the Demonspawn Gladiator began the quest for the
                  | Orb.
     0 | D:1      | Reached XP level 1. HP: 16/16 MP: 1/1
    63 | D:1      | Gained mutation: You regenerate a little health from kills.
                  | [demonic ancestry]
    63 | D:1      | Reached XP level 2. HP: 6/22 MP: 2/2
   530 | D:1      | Gained mutation: You regenerate health from kills. [demonic
                  | ancestry]
   530 | D:1      | Reached XP level 3. HP: 27/27 MP: 3/3
   794 | D:1      | Found a faded altar of an unknown god.
  1374 | D:2      | Gained mutation: A meltable shield of frost defends you.
                  | (SH +0) [demonic ancestry]
  1374 | D:2      | Reached XP level 4. HP: 33/33 MP: 4/4
  1909 | D:3      | Noticed Sigmund
  1927 | D:2      | Reached skill level 1 in Armour
  1959 | D:3      | Slain by Sigmund

Illustrated notes

Levels and vault maps discovered:
D:1:      evilmike_arrival_home_sweet_home, layout_loops_ring,
          nicolae_ecumenical_lake_church, hangedman_decor_clover_reticule,
          palyth_stone_intersect, minmay_heptomino_w4
D:2:      layout_loops_corners, serial_forest, infiniplex_forest_lined_2,
          infiniplex_forest_pool, infiniplex_forest_straight_2,
          infiniplex_forest_straight_3, infiniplex_forest_end_2,
          infiniplex_forest_lined_ring, infiniplex_forest_clump_large,
          infiniplex_forest_corner_1
D:3:      layout_rooms, ebering_ghost_sewer_f, uniq_sigmund

Skill      XL: |  1  2  3  4 |
---------------+-------------+-----
Long Blades    | 3 |  3.8
Dodging        | 3 |  3.1
Armour         | 1 |  1.0
Fighting       | |  2.3
Throwing       | |  1.7
Stealth        | |  0.6

Action                   |  1- 3 |  4- 6 || total
-------------------------+-------+-------++-------
Melee: Long sword        |   107 |    21 ||   128
  Use: Scroll            |       |     4 ||     4
       Potion            |       |     1 ||     1
 Stab: Sleeping          |     2 |     1 ||     3
       Distracted        |     1 |       ||     1
Armor: Leather armour    |    27 |     9 ||    36
Dodge: Dodged            |    62 |    26 ||    88
Block: Other             |       |     6 ||     6

Table legend: (Time is in decaauts)
 A = Elapsed time spent in this place.
 B = Non-inter-level travel time spent in this place.
 C = Inter-level travel time spent in this place.
 D = Time resting spent in this place.
 E = Time spent auto-exploring this place.
 F = Levels seen in this place.
 G = Mean time per level.
                   A        B        C        D        E       F      G
               +--------+--------+--------+--------+--------+-----+--------+
         Total |   1993 |   1923 |     70 |      0 |   1556 |   3 |  664.3 |
       Dungeon |   1993 |   1923 |     70 |      0 |   1556 |   3 |  664.3 |
               +--------+--------+--------+--------+--------+-----+--------+

Top non-repeatable levels by time:
     D:2: 1075 daAuts
     D:1: 853 daAuts
     D:3: 64 daAuts
